 Dungeon Crawl Stone Soup version 0.31-a0-934-gf4fcaacff8 (webtiles) character file.

Game seed: 3852901798228232493

93 Gladio the Trooper (level 4, -1/35 HPs)
             Began as a Human Fighter on Oct 20, 2023.
             Splashed by a jelly's acid (2 damage)
             ... on level 4 of the Dungeon.
             The game lasted 00:03:45 (2344 turns).

Gladio the Trooper (Human Fighter)                  Turns: 2344, Time: 00:03:45

Health: -1/35      AC:  2    Str: 18    XL:     4   Next: 92%
Magic:  4/4        EV:  9    Int:  9    God:
Gold:   132        SH:  4    Dex: 12    Spells: 3/3 levels left

rFire   . . .        r - +2 hand axe (venom)
rCold   . . .        c - +0 buckler
rNeg    . . .        b - +0 scale mail
rPois   .            (no helmet)
rElec   .            (no cloak)
rCorr   .            (no gloves)
SInv    .            (no boots)
Will    .....        e - amulet of the acrobat Stlth
                     (no ring)
HPRegen 0.25/turn    (no ring)
MPRegen 0.09/turn

%: acrobat
@: corroded
A: no striking features
a: no special abilities


You were on level 4 of the Dungeon.
You visited 1 branch of the dungeon, and saw 4 of its levels.

You collected 132 gold pieces.

Inventory:

Hand Weapons
 a - a +0 flail
 r - a +2 hand axe of venom (weapon)
Missiles
 s - 3 boomerangs
Armour
 b - a +0 scale mail (worn)
 c - a +0 buckler (worn)
Jewellery
 e - an amulet of the acrobat (around neck)
Scrolls
 f - 2 scrolls of enchant weapon {unknown}
 i - a scroll of teleportation {unknown}
 k - 2 scrolls of identify {unknown}
 m - a scroll of fear {unknown}
 p - a scroll of blinking {unknown}
Potions
 d - 3 potions of might
 g - 3 potions of lignification {unknown}
 h - 2 potions of heal wounds {unknown}
 j - a potion of magic {unknown}
 l - 2 potions of haste {unknown}
 n - a potion of invisibility {unknown}
 o - 3 potions of curing {unknown}
 q - a potion of mutation {unknown}
 t - a potion of berserk rage {unknown}
 u - a potion of resistance {unknown}


   Skills:
 + Level 3.5 Fighting
 * Level 3.3 Maces & Flails
 + Level 3.5 Armour
 + Level 3.5 Shields


You had 3 spell levels left.
You didn't know any spells.
Your spell library contained the following spells:

 Spells                   Type           Power      Damage    Failure   Level
 Slow                     Hex            0%         N/A       85%         1
 Confusing Touch          Hex            0%         N/A       99%         3
 Sigil of Binding         Hex            0%         N/A       99%         3
 Vampiric Draining        Necr           0%         2d6       99%         3


Dungeon Overview and Level Annotations

Branches:
Dungeon (4/15)
 Temple: D:4-7

Altars:
Sif Muna


Message History

You slash the orc!
You kill the orc!
No target in view!
No target in view!
No target in view!
No target in view!
No target in view!
No target in view!
There is a stone staircase leading down, spattered with blood here.
Items here: )) [ †.
HP restored.
Done exploring.
Okay, then.
You climb downwards.
The ball python barely misses you. The ball python grabs you.
The ball python constricts you. The jelly hits you. The acid corrodes you!
You are splashed with acid!
You block the ball python's attack. The ball python constricts you.
The jelly barely misses you.
There is a stone staircase leading up, spattered with blood here.
You hit the ball python.
You kill the ball python!
You hit the jelly. The acid corrodes you!
Your hands burn!
The jelly barely misses you.
You hit the jelly.
Your hands burn!
The jelly is heavily wounded.
The jelly hits you.
You are splashed with acid!
* * * LOW HITPOINT WARNING * * *
You are too injured to fight recklessly!
You are too injured to fight recklessly!
You are too injured to fight recklessly!
You are too injured to fight recklessly!
You are too injured to fight recklessly!
You are too injured to fight recklessly!
You are too injured to fight recklessly!
You hit the jelly but do no damage.
The jelly is poisoned.
Your hands burn!
* * * LOW HITPOINT WARNING * * *
The jelly is heavily wounded.
The jelly closely misses you.
You hit the jelly.
The jelly looks as sick as possible!
Your hands burn!
You die...

####
....##########.
............>..
...............
...........!...
.......@J......
...............
....#####.....#
... ###### .


You could see a jelly (extremely poisoned).

Vanquished Creatures
  An adder (D:3)
  A worm (D:2)
  3 dart slugs
  6 orcs (D:3)
  8 ball pythons
  3 bats
  5 endoplasms
  7 giant cockroaches
  4 goblins
  5 hobgoblins
  4 kobolds
  3 quokkas
  4 frilled lizards
  6 rats
60 creatures vanquished.

Notes
Turn   | Place    | Note
-------+----------+-------------------------------------------
     0 | D:1      | Gladio the Human Fighter began the quest for the Orb.
     0 | D:1      | Reached XP level 1. HP: 18/18 MP: 1/1
   198 | D:1      | Reached XP level 2. HP: 19/24 MP: 2/2
   720 | D:1      | Reached XP level 3. HP: 29/29 MP: 3/3
  1313 | D:2      | Reached XP level 4. HP: 35/35 MP: 4/4
  1963 | D:3      | Found a shimmering blue altar of Sif Muna.
  2343 | D:4      | HP: 1/35 [acid (2)]
  2344 | D:4      | Splashed by a jelly's acid

Illustrated notes

Levels and vault maps discovered:
D:1:      wander_arrival_fairy_ring, layout_basic, nicolae_titane
D:2:      layout_basic, hangedman_decor_push
D:3:      layout_loops_ring, nicolae_sif_muna_condensation
D:4:      layout_layer_cave, grunt_temple_overflow_holy_war,
          minmay_temple_entry_tees

Skill      XL: |  1  2  3  4 |
---------------+-------------+-----
Maces & Flails | 3 |  3.3
Fighting       | |  3.5
Armour         | |  3.5
Shields        | |  3.5

Action                     |  1- 3 |  4- 6 || total
---------------------------+-------+-------++-------
  Melee: Flail             |    85 |    22 ||   107
         Hand axe          |       |    33 ||    33
 Armour: Scale mail        |    44 |    28 ||    72
  Dodge: Dodged            |    52 |    43 ||    95
  Block: Buckler           |    15 |     6 ||    21

Table legend: (Time is in decaauts)
 A = Elapsed time spent in this place.
 B = Non-inter-level travel time spent in this place.
 C = Inter-level travel time spent in this place.
 D = Time resting spent in this place.
 E = Time spent auto-exploring this place.
 F = Levels seen in this place.
 G = Mean time per level.
                   A        B        C        D        E       F      G
               +--------+--------+--------+--------+--------+-----+--------+
         Total |   2384 |   2226 |    158 |      0 |   1835 |   4 |  596.0 |
       Dungeon |   2384 |   2226 |    158 |      0 |   1835 |   4 |  596.0 |
               +--------+--------+--------+--------+--------+-----+--------+

Top non-repeatable levels by time:
     D:2: 965 daAuts
     D:1: 790 daAuts
     D:3: 618 daAuts
     D:4: 9 daAuts
